 Dungeon Crawl Stone Soup version 0.31-a0-524-g2a164cf6a2 (webtiles) character file.

Game seed: 15758106824773751583

4687 MainBain the Cleaver (level 10, -1/88 HPs)
             Began as a Minotaur Berserker on Aug 7, 2023.
             Was an Elder of Trog.
             Slain by an orange demon (11 damage)
             ... led by Amaemon
             ... on level 8 of the Dungeon on Aug 12, 2023.
             The game lasted 00:40:24 (5450 turns).

MainBain the Cleaver (Minotaur Berserker)           Turns: 5450, Time: 00:40:27

Health: -1/88      AC: 14    Str: 26    XL:     10   Next: 21%
Magic:  9/9        EV:  9    Int:  4    God:    Trog [****..]
Gold:   191        SH: 15    Dex: 10    Spells: 9/9 levels left

rFire   . . .        A - +0 war axe
rCold   . . .        l - +0 kite shield {AC+3}
rNeg    . . .        J - +0 chain mail
rPois   .            (helmet restricted)
rElec   .            w - scarf {repulsion}
rCorr   .            i - +0 pair of gloves
SInv    .            (no boots)
Will    ++...        d - amulet of reflection Stlth
                     (no ring)
HPRegen 1.34/turn    (no ring)
MPRegen 0.11/turn

%: repel missiles, reflection
@: lethally poisoned (-1 -> -12), strong-willed, on berserk cooldown,
regenerating, hasted and slowed
A: horns 2, retaliatory headbutt
a: Renounce Religion, Berserk, Trog's Hand, Brothers in Arms


You were on level 8 of the Dungeon.
You worshipped Trog.
Trog was greatly pleased with you.
You visited 1 branch of the dungeon, and saw 8 of its levels.

You collected 377 gold pieces.
You spent 186 gold pieces at shops.

Inventory:

Hand Weapons
 b - a +3 heavy hand axe
 h - a +0 morningstar
 k - a +0 sling
 z - a +1 vampiric trident
 A - a +0 war axe (weapon)
 F - a +0 hand axe of venom
Missiles
 a - 5 darts of dispersal
 g - 91 stones
 q - 12 poisoned darts
 H - a curare-tipped dart
Armour
 i - a +0 pair of gloves (worn)
 j - a +0 leather armour
 l - a +0 kite shield of protection (worn)
 w - a scarf of repulsion (worn)
 J - a +0 chain mail (worn)
Jewellery
 d - an amulet of reflection (around neck)
 r - a ring of flight
 v - an amulet of the acrobat
 I - a ring of fire
Talismans
 C - a maw talisman
Wands
 x - a wand of charming (16)
 y - a wand of polymorph (13)
Scrolls
 f - a scroll of silence
 n - 5 scrolls of teleportation
 o - 3 scrolls of revelation
 s - a scroll of poison
 u - 4 scrolls of fear
 E - a scroll of immolation
Potions
 c - 2 potions of curing
 e - 3 potions of lignification
 m - 2 potions of attraction
 p - a potion of ambrosia
 t - 5 potions of degeneration


   Skills:
 + Level 8.0 Fighting
 + Level 11.3(11.6) Axes
 + Level 3.4(8.0) Maces & Flails
 + Level 1.7 Ranged Weapons
 + Level 1.3 Throwing
 + Level 7.3 Armour
 + Level 4.2 Dodging
 + Level 1.3 Stealth
 + Level 7.9 Shields


You had 9 spell levels left.
You didn't know any spells.
Your spell library was empty.

Dungeon Overview and Level Annotations

Branches:
Dungeon (8/15)             Temple (0/1) D:5
   Lair: D:8-11

Altars:
Ashenzari
Makhleb
Nemelex Xobeh
Okawaru
Sif Muna
Xom

Shops:
D:2 *   D:6 ?


Innate Abilities, Weirdness & Mutations

You have a pair of horns on your head.
You reflexively headbutt those who attack you in melee.


Message History

You slash the orange demon!
The orange demon is heavily wounded.
You hit the hellwing but do no damage.
You feel very sick. You block the hellwing's attack.
The hellwing hits you but does no damage.
A wight comes into view. It is wielding a +3 flail of freezing.
You block the orange demon's attack. x2
You are too injured to fight recklessly!
You are too injured to fight recklessly!
You are too injured to fight recklessly!
You are too injured to fight recklessly!
You hit the orange demon. You headbutt the orange demon.
The orange demon is severely wounded.
You hit the hellwing but do no damage.
You feel very sick.
You block the hellwing's attack. x2; You block the orange demon's attack.
The orange demon hits you but does no damage.
The orange demon barely misses you.
The orange demon hits you but does no damage.
The hellwing hits you.
* * * LOW HITPOINT WARNING * * *
The hellwing completely misses you.
You slash the orange demon!
The orange demon is almost dead.
You hit the hellwing but do no damage.
You feel sick. The hellwing barely misses you. You furiously retaliate!
You headbutt the hellwing. You block the hellwing's attack.
The orange demon stings you!
* * * LOW HITPOINT WARNING * * *
You are lethally poisoned!
The orange demon poisons you! You block the orange demon's attack.
A wight comes into view. It is wielding a +3 mace.
You feel yourself speed up.
* * * LOW HITPOINT WARNING * * *
You feel extremely sick. The hellwing misses you. You furiously retaliate!
You headbutt the hellwing!
The hellwing hits you but does no damage.
The orange demon stings you!
You die...

.... #.4. ###... ....#'#
......Z
P....8z####################
..8...Zz54@4...............
......ZZ###################
.......## ..[ .......
...### ......# ......
...... ...... ..P.8. ......
..... ...... ...8. .#.###


You could see an orange demon, a hellwing, 2 wights, a shadow imp, 2 hornet
zombies and a centaur warrior skeleton.

Vanquished Creatures
  The ghost of niknal the Ruffian, a novice TrWr of Okawaru (D:6)
  Pikel (D:8)
  Joseph (D:8)
  A centaur zombie (D:8)
  A centaur skeleton (D:8)
  A hellwing (D:8)
  Grinder (D:4)
  2 orc warriors
  3 ice beasts
  A black bear (D:7)
  4 centaurs
  A phantom (D:7)
  A kobold brigand (D:6)
  2 lemures (D:8)
  A gnoll sergeant (D:5)
  A bullfrog (D:6)
  A scorpion (D:6)
  6 killer bees (D:7)
  A wyvern simulacrum (D:6)
  2 hounds (D:7)
  5 orc priests
  2 jellies
  5 iguanas
  8 orc wizards
  Terence (D:2)
  A centaur simulacrum (D:6)
  5 gnolls (D:5)
  8 adders
  4 shadow imps
  4 white imps (D:6)
  An ufetubus (D:5)
  A dart slug (D:4)
  32 orcs
  7 ball pythons
  9 bats
  8 endoplasms
  4 giant cockroaches
  5 goblins
  5 hobgoblins
  6 jackals
  9 kobolds
  4 quokkas
  2 frilled lizards (D:2)
  6 rats
175 creatures vanquished.

Vanquished Creatures (others)
  A kobold (D:6)
1 creature vanquished.

Grand Total: 176 creatures vanquished

Notes
Turn   | Place    | Note
-------+----------+-------------------------------------------
     0 | D:1      | MainBain the Minotaur Berserker began the quest for the
                  | Orb.
     0 | D:1      | Reached XP level 1. HP: 19/19 MP: 0/0
    13 | D:1      | Reached skill level 4 in Axes
    13 | D:1      | Reached XP level 2. HP: 27/27 MP: 1/1
    68 | D:1      | Found a faded altar of an unknown god.
    84 | D:1      | Reached ** piety under Trog
   140 | D:1      | Reached XP level 3. HP: 32/33 MP: 2/2
   495 | D:1      | Upgraded the game from 0.31-a0-479-g91c9547826 to
                  | 0.31-a0-524-g2a164cf6a2
   702 | D:2      | Noticed Terence
   706 | D:2      | Killed Terence
   707 | D:2      | Reached XP level 4. HP: 41/41 MP: 3/3
   857 | D:2      | Reached skill level 5 in Axes
  1012 | D:2      | Found Bilo's Assorted Antiques.
  1016 | D:2      | Bought a scroll of identify for 42 gold pieces
  1764 | D:3      | Reached XP level 5. HP: 46/47 MP: 4/4
  2016 | D:3      | Reached *** piety under Trog
  2154 | D:4      | Reached skill level 1 in Maces & Flails
  2307 | D:4      | Reached skill level 5 in Fighting
  2307 | D:4      | Reached skill level 1 in Ranged Weapons
  2410 | D:4      | Noticed Grinder
  2416 | D:4      | Killed Grinder
  2417 | D:4      | Reached skill level 1 in Shields
  2417 | D:4      | Reached XP level 6. HP: 56/56 MP: 5/5
  2605 | D:5      | Entered Level 5 of the Dungeon
  2723 | D:5      | Reached XP level 7. HP: 27/61 MP: 6/6
  2907 | D:5      | Reached skill level 6 in Axes
  2962 | D:5      | Found a broken altar of Ashenzari.
  3086 | D:5      | Found a shimmering blue altar of Sif Muna.
  3099 | D:5      | Found a sparkling altar of Nemelex Xobeh.
  3348 | D:5      | Found an iron altar of Okawaru.
  3459 | D:5      | Found a staircase to the Ecumenical Temple.
  3464 | D:5      | Reached skill level 5 in Armour
  3649 | D:6      | Reached XP level 8. HP: 67/70 MP: 7/7
  3656 | D:6      | Reached skill level 7 in Axes
  3807 | D:6      | Found Cyguy's Magic Scroll Emporium.
  3815 | D:6      | Bought a scroll of teleportation for 36 gold pieces
  3815 | D:6      | Bought a scroll of teleportation for 36 gold pieces
  3815 | D:6      | Bought a scroll of fear for 48 gold pieces
  3815 | D:6      | Bought a scroll of identify for 24 gold pieces
  3886 | D:6      | Reached skill level 1 in Stealth
  3928 | D:6      | Found a runed translucent gate.
  3929 | D:6      | Found a runed translucent gate.
  3979 | D:6      | Found a runed translucent gate.
  4000 | D:6      | Found a shimmering altar of Xom.
  4001 | D:6      | Found a shimmering altar of Xom.
  4001 | D:6      | Found a shimmering altar of Xom.
  4002 | D:6      | Found a shimmering altar of Xom.
  4002 | D:6      | Found a shimmering altar of Xom.
  4002 | D:6      | Found a shimmering altar of Xom.
  4002 | D:6      | Found a shimmering altar of Xom.
  4008 | D:6      | Found a shimmering altar of Xom.
  4008 | D:6      | Found a shimmering altar of Xom.
  4182 | D:6      | Noticed niknal's ghost (novice TrWr)
  4294 | D:6      | Killed niknal's ghost
  4295 | D:6      | Reached skill level 8 in Axes
  4295 | D:6      | Reached skill level 5 in Shields
  4295 | D:6      | Reached XP level 9. HP: 40/78 MP: 8/8
  4528 | D:7      | Reached skill level 9 in Axes
  4624 | D:7      | Reached **** piety under Trog
  4790 | D:7      | Reached skill level 1 in Throwing
  4911 | D:7      | Found a burning altar of Makhleb.
  5206 | D:8      | Reached skill level 10 in Axes
  5233 | D:8      | Noticed Joseph
  5254 | D:8      | Killed Joseph
  5299 | D:8      | Noticed Pikel
  5309 | D:8      | Killed Pikel
  5415 | D:8      | Noticed a hellwing
  5417 | D:8      | Noticed a hellwing
  5417 | D:8      | Noticed an orange demon
  5427 | D:8      | Reached XP level 10. HP: 86/86 MP: 9/9
  5432 | D:8      | Reached skill level 11 in Axes
  5450 | D:8      | Slain by an orange demon

Illustrated notes

Levels and vault maps discovered:
D:1:      sevenhm_arrival_forest_fort_small_4, layout_rooms,
          basic_ecumenical_altar
D:2:      layout_rooms, serial_shops, nicolae_shop_pleasant_corner_grove,
          minmay_tetromino_i2, uniq_terence
D:3:      layout_basic, minmay_misc_feat_four_crosses
D:4:      layout_basic, uniq_grinder
D:5:      layout_basic, nicolae_ashenzari_skybound, nicolae_overflow_squiral,
          mainiacjoe_overflow_alcove_2, minmay_temple_entry_proselytizer,
          minmay_misc_feat_doors
D:6:      layout_rooms, xom_redecorated, serial_shops, shop,
          gammafunk_ghost_icy, ebering_dispersal_statue_hall,
          hangedman_decor_slide_cut, nrook_campfire
D:7:      layout_rooms, mainiacjoe_overflow_small_starburst
D:8:      cheibrodos_grave_circle, layout_basic, lemuel_crystal_altar,
          uniq_joseph, uniq_amaemon, uniq_pikel

Skill      XL: |  1  2  3  4  5  6  7  8  9 10 |
---------------+-------------------------------+-----
Axes           | 4 5 6 8 10 11 | 11.3
Fighting       | 4 5 6 7 8 |  8.0
Maces & Flails | 2 3 |  3.4
Armour         | 3 5 6 7 |  7.3
Ranged Weapons | 1 |  1.7
Dodging        | 3 4 |  4.2
Shields        | 1 2 3 5 7 |  7.9
Stealth        | 1 |  1.3
Throwing       | 1 |  1.3

Action                     |  1- 3 |  4- 6 |  7- 9 | 10-12 || total
---------------------------+-------+-------+-------+-------++-------
  Melee: Hand axe          |    82 |    40 |   101 |       ||   223
         Headbutt          |     8 |     7 |    40 |     8 ||    63
         Punch             |     1 |       |       |       ||     1
         Flail             |       |    35 |       |       ||    35
         War axe           |       |       |   137 |    15 ||   152
   Fire: Sling             |       |    11 |     5 |       ||    16
  Throw: Dart              |       |       |     1 |       ||     1
 Invoke: Berserk           |     1 |     1 |     3 |       ||     5
         Trog's Hand       |       |     2 |     5 |     1 ||     8
    Use: Scroll            |     3 |     6 |     6 |       ||    15
         Potion            |       |       |       |     2 ||     2
   Stab: Sleeping          |     1 |       |       |       ||     1
 Armour: Animal skin       |    11 |       |       |       ||    11
         Ring mail         |     4 |       |       |       ||     4
         Leather armour    |     3 |       |       |       ||     3
         Scale mail        |       |    33 |    27 |       ||    60
         Chain mail        |       |       |    75 |    21 ||    96
  Dodge: Dodged            |    49 |    31 |    95 |    12 ||   187
         Repelled          |       |       |     1 |       ||     1
  Block: Other             |    17 |     4 |       |       ||    21
         Reflection        |     1 |     5 |    12 |       ||    18
         Kite shield       |       |    39 |   176 |    27 ||   242

Table legend: (Time is in decaauts)
 A = Elapsed time spent in this place.
 B = Non-inter-level travel time spent in this place.
 C = Inter-level travel time spent in this place.
 D = Time resting spent in this place.
 E = Time spent auto-exploring this place.
 F = Levels seen in this place.
 G = Mean time per level.
                   A        B        C        D        E       F      G
               +--------+--------+--------+--------+--------+-----+--------+
         Total |   5571 |   5571 |      0 |    271 |   3616 |   8 |  696.4 |
       Dungeon |   5571 |   5571 |      0 |    271 |   3616 |   8 |  696.4 |
               +--------+--------+--------+--------+--------+-----+--------+

Top non-repeatable levels by time:
     D:6: 994 daAuts
     D:3: 993 daAuts
     D:5: 937 daAuts
     D:7: 645 daAuts
     D:1: 573 daAuts
     D:2: 567 daAuts
     D:4: 524 daAuts
     D:8: 334 daAuts
